 Dungeon Crawl Stone Soup version 0.23.2 (webtiles) character file.

Game seed: 17452761745730834878

114 Gargoyl the Skirmisher (level 4, -3/40 HPs)
             Began as a Centaur Abyssal Knight on Apr 11, 2019.
             Was a Believer of Lugonu.
             Killed by divine providence
             ... invoked by an orc priest
              (10 damage)
             ... on level 3 of the Dungeon.
             The game lasted 00:05:12 (3636 turns).

Gargoyl the Skirmisher (Centaur Abyssal Knight)     Turns: 3636, Time: 00:05:13

Health: -3/40      AC:  8    Str: 20    XL:     4   Next: 67%
Magic:  5/5        EV:  9    Int: 11    God:    Lugonu [**....]
Gold:   211        SH:  0    Dex:  9    Spells: 3/3 levels left

rFire    . . .     SeeInvis .   a - +1 hand axe
rCold    . . .     Gourm    .   (no shield)
rNeg     . . .     Faith    .   e - +0 ring mail
rPois    .         Spirit   .   (no helmet)
rElec    .         Reflect  .   d - +1 cloak
rCorr    .         Harm     .   (no gloves)
MR       .....                  (no barding)
Stlth    ..........             (no amulet)
HPRegen  0.13/turn              (no ring)
MPRegen  0.09/turn              (no ring)

@: mighty, very quick
A: large, hooves 3, deformed body, speed 2, tough skin 3
a: Depart the Abyss, Bend Space, Renounce Religion


You were on level 3 of the Dungeon.
You worshipped Lugonu.
Lugonu was pleased with you.
You were hungry.

You visited 1 branch of the dungeon, and saw 3 of its levels.
You visited the Abyss 1 time.

You collected 211 gold pieces.

Inventory:

Hand Weapons
 a - a +1 hand axe (weapon)
Armour
 d - a +1 cloak (worn)
 e - a +0 ring mail (worn)
Scrolls
 b - a scroll of remove curse {unknown}
 i - 2 scrolls of identify
 j - 2 scrolls of teleportation
Potions
 f - a potion of lignification
 g - a potion of flight {unknown}
 k - a potion of haste
 m - a potion of berserk rage {unknown}
 n - a potion of magic {unknown}
 o - a potion of agility {unknown}
 p - a potion of might
Comestibles
 c - 8 rations


   Skills:
 + Level 3.6 Fighting
 + Level 2.7 Axes
 * Level 2.0 Armour
 * Level 1.5 Dodging
 * Level 2.5 Invocations


You had 3 spell levels left.
You didn't know any spells.
Your spell library was empty.

Dungeon Overview and Level Annotations

Branches:
Dungeon (3/15)

Altars:
Vehumet
Yredelemnul


Innate Abilities, Weirdness & Mutations

You have hooves in place of feet.
Armour fits poorly on your strangely shaped body.
You cover ground very quickly.
You have extremely tough skin. (AC +3)


Message History

You kill the giant cockroach!
Lugonu accepts your kill.
You closely miss the orc.
The orc priest invokes the aid of Beogh against you.
Beogh smites you! The orc hits you but does no damage.
The orc priest barely misses you.
You hit the orc priest.
The orc priest is heavily wounded.
You completely miss the orc.
The orc priest begins to cast a cantrip, but forgets the words!
The orc hits you but does no damage.
The orc priest invokes the aid of Beogh against you.
Beogh smites you!
* * * LOW HITPOINT WARNING * * *
Unknown command.
It was a potion of might.
You feel very mighty all of a sudden.
The orc priest invokes the aid of Beogh against you.
Beogh smites you!
You die...

..................#...
.........†..............
#.......................
........##.......................
.......##.......###...#.........
...............................
#.#.....##..............##.......
#.#.....##......oo...............
#.#.............@o...............
#.#....###.....†.####............
#....<....#.........#............
##...#.......######.#............
..................#.#............
...........<....#.#.#............
.............###.................
........#.#...........#.....#####
........#.######......#.....#


You could see 2 orc priests and an orc.

Vanquished Creatures
  4 adders
  An ooze (D:1)
  2 worms (D:2)
  A leopard gecko (D:1)
  An orc (D:3)
  A ball python (D:3)
  3 giant cockroaches
  6 goblins
  5 hobgoblins
  6 jackals (D:2)
  3 quokkas
  8 bats
  3 frilled lizards
  11 kobolds
  9 rats
64 creatures vanquished.

Notes
Turn   | Place    | Note
-------+----------+-------------------------------------------
     0 | Abyss:1  | Gargoyl the Centaur Abyssal Knight began the quest for the
                  | Orb.
     0 | Abyss:1  | Reached XP level 1. HP: 19/19 MP: 2/2
    59 | Abyss:1  | Noticed a small abomination
    60 | Abyss:1  | Noticed an iron imp
    61 | Abyss:1  | Noticed a worldbinder
    63 | Abyss:1  | Noticed a ynoxinul
    64 | Abyss:1  | Noticed a deep elf archer
    69 | Abyss:1  | Noticed an eye of devastation
   129 | Abyss:1  | Noticed a small abomination
   160 | Abyss:1  | Noticed a quasit
   168 | Abyss:1  | Noticed a large abomination
   171 | Abyss:1  | Noticed a starcursed mass
   190 | Abyss:1  | Noticed a quasit
   190 | Abyss:1  | Noticed a dire elephant skeleton
   190 | Abyss:1  | Noticed a small abomination
   193 | Abyss:1  | Noticed a small abomination
   271 | Abyss:2  | Noticed a slime creature
   272 | Abyss:2  | Noticed a small abomination
   282 | Abyss:2  | Noticed a white draconian
   304 | D:1      | Escaped the Abyss
   662 | D:1      | Reached XP level 2. HP: 26/26 MP: 3/3
   684 | D:1      | Reached * piety under Lugonu
   689 | D:1      | Reached skill level 1 in Dodging
  1154 | D:1      | You fall through a shaft!
  1212 | D:2      | Reached XP level 3. HP: 16/31 MP: 4/4
  2234 | D:2      | Reached XP level 4. HP: 38/38 MP: 5/5
  2266 | D:2      | Reached ** piety under Lugonu
  2622 | D:2      | Found a basalt altar of Yredelemnul.
  3024 | D:3      | Found a radiant altar of Vehumet.
  3636 | D:3      | Killed from afar by an orc priest

Skill      XL: |  1  2  3  4 |
---------------+-------------+-----
Dodging        | 1 |  1.5
Axes           | 2 |  2.7
Armour         | 2 |  2.0
Fighting       | |  3.6
Invocations    | |  2.5

Action                   |  1- 3 |  4- 6 || total
-------------------------+-------+-------++-------
Melee: Hand axe          |   107 |    66 ||   173
       Kick              |    14 |    15 ||    29
Invok: Depart the Abyss  |     1 |       ||     1
  Use: Scroll            |     6 |       ||     6
       Potion            |       |     4 ||     4
 Stab: Invisible         |       |     1 ||     1
  Eat: Chunk             |     3 |     3 ||     6
Armor: Leather armour    |    57 |    18 ||    75
       Ring mail         |       |    25 ||    25
Dodge: Dodged            |    56 |    34 ||    90
